 Dungeon Crawl Stone Soup version 0.30.1-4-g462c640d31 (webtiles) character file.

Game seed: 14583745499011143631

34424 Peloso the Fencer (level 13, -14/119 HPs)
             Began as a Minotaur Fighter on Aug 14, 2023.
             Was a High Priest of Okawaru.
             Demolished by Donald
             ... wielding a +0 double sword
              (16 damage)
             ... on level 2 of the Orcish Mines.
             The game lasted 00:29:39 (17976 turns).

Peloso the Fencer (Minotaur Fighter)               Turns: 17976, Time: 00:29:40

Health: -14/119    AC: 23    Str: 23    XL:     13   Next: 42%
Magic:  13/13      EV:  9    Int:  5    God:    Okawaru [*****.]
Gold:   1577       SH: 12    Dex: 13    Spells: 12/12 levels left

rFire   . . .        a - +1 long sword (elec)
rCold   . . .        d - +0 buckler
rNeg    . . .        M - +0 plate armour
rPois   .            R - +1 hat {Stlth+}
rElec   .            c - +1 cloak
rCorr   .            F - +0 pair of gloves
SInv    .            G - +0 pair of boots
Will    .....        D - amulet of reflection Stlth
                     (no ring)
HPRegen 0.39/turn    (no ring)
MPRegen 0.13/turn

%: reflection
@: mighty, hasted, very quick
A: horns 2, retaliatory headbutt
a: Renounce Religion, Heroism, Finesse, Duel


You were on level 2 of the Orcish Mines.
You worshipped Okawaru.
Okawaru was extremely pleased with you.
You visited 4 branches of the dungeon, and saw 16 of its levels.
You also visited: Sewer.

You collected 1577 gold pieces.

Inventory:

Hand Weapons
 a - a +1 long sword of electrocution (weapon)
 b - a +3 falchion
Missiles
 y - a throwing net (quivered)
Armour
 c - a +1 cloak (worn)
 d - a +0 buckler (worn)
 x - a +0 scale mail
 F - a +0 pair of gloves (worn)
 G - a +0 pair of boots (worn)
 I - a +0 chain mail
 M - a +0 plate armour (worn)
 R - a +1 hat of stealth (worn)
Jewellery
 r - a ring of flight
 t - an amulet of magic regeneration
 A - a ring of fire
 D - an amulet of reflection (around neck)
 H - an amulet of the acrobat
 J - an amulet of faith
 L - a ring of protection from cold
 N - a ring of ice
 P - a ring of fire
 U - a +6 ring of intelligence
Wands
 h - a wand of flame (36)
 E - a wand of quicksilver (16)
 O - a wand of roots (7)
Scrolls
 f - 6 scrolls of fear
 g - a scroll of amnesia {unknown}
 j - 2 scrolls of poison
 k - 3 scrolls of magic mapping
 o - 3 scrolls of teleportation
 B - a scroll of silence
 K - a scroll of blinking {unknown}
 Q - a scroll of brand weapon
 S - a scroll of fog {unknown}
 T - 2 scrolls of torment {unknown}
 V - a scroll of enchant armour
Potions
 i - a potion of curing
 l - a potion of haste
 m - a potion of invisibility
 n - 4 potions of might
 p - 2 potions of attraction
 q - a potion of ambrosia
 s - a potion of flight
 u - a potion of magic
 v - a potion of cancellation
 w - 2 potions of lignification
 z - 2 potions of brilliance
 C - 3 potions of mutation
Miscellaneous
 e - a phial of floods


   Skills:
 + Level 12.4 Fighting
 + Level 15.1 Long Blades
 + Level 14.8 Armour
 + Level 5.7 Dodging
 + Level 1.4 Stealth
 + Level 12.4 Shields
 + Level 2.5 Invocations


You had 12 spell levels left.
You didn't know any spells.
Your spell library contained the following spells:

 Spells                   Type           Power      Damage    Failure   Level
 Sting                    Tmut/Pois      0%         1d3       99%         1
 Poisonous Vapours        Pois/Air       0%         N/A       100%        2
 Dazzling Flash           Conj/Hex       0%         N/A       100%        3
 Hailstorm                Conj/Ice       0%         3d3       100%        3
 Volatile Blastmotes      Fire/Tloc      0%         2d10      100%        3
 Ice Form                 Ice/Tmut       0%         N/A       100%        4
 Iskenderun's Mystic Bla  Conj/Tloc      0%         2d3       100%        4
 Olgreb's Toxic Radiance  Pois           0%         N/A       100%        4
 Petrify                  Tmut/Erth      0%         N/A       100%        4
 Metabolic Englaciation   Hex/Ice        0%         N/A       100%        5
 Starburst                Conj/Fire      0%         6d3       100%        6
 Statue Form              Tmut/Erth      0%         N/A       100%        6
 Simulacrum               Ice/Necr       Unusable   N/A       N/A         6

Dungeon Overview and Level Annotations

Branches:
Dungeon (12/15)            Temple (1/1) D:7            Lair (1/5) D:11
    Orc (2/2) D:9             Elf (0/3) Orc:2         Sewer (visited)

Altars:
Ashenzari
Cheibriados
Dithmenos
Elyvilon
Fedhas
Hepliaklqana
Kikubaaqudgha
Makhleb
Nemelex Xobeh
Okawaru
Qazlal
Ru
Sif Muna
Trog
Uskayaw
Vehumet
Wu Jian
Xom
Yredelemnul
Zin
The Shining One

Shops:
D:2 :   Orc:2 (?

Annotations:
Lair:1 Amaemon
Orc:2 Donald


Innate Abilities, Weirdness & Mutations

You have a pair of horns on your head.
You reflexively headbutt those who attack you in melee.


Message History

Found Xoast's Magic Scroll Emporium.
Donald shouts!
Donald says, "I've got a headache.
I hate that."
Donald gestures wildly while chanting.
Donald seems to speed up.
Donald says, "How much finesse does it take to swing your arms real fast, anyway?"
Donald says, "Oh, hey!
I could use a new shield.
Have you got any spares?"
Things that are here:
a +0 giant club; a +0 giant club Donald gestures wildly while chanting.
Donald seems to grow stronger.
You see here a +0 giant club.
Items here: ))) [ †.
You feel yourself speed up.
Donald hits you with a +0 double sword!!!
Donald makes a rude gesture at you. You block Donald's attack.
You feel very mighty all of a sudden. Donald hits you with a +0 double sword!
You hit Donald.
Donald is lightly wounded.
You slash Donald!
Donald is lightly wounded.
Donald hits you with a +0 double sword! Donald blocks your attack.
Donald is lightly wounded.
You block Donald's attack. Donald blocks your attack.
Donald is lightly wounded.
Donald hits you with a +0 double sword!!
* * * LOW HITPOINT WARNING * * *
Donald blocks your attack.
You headbutt Donald.
Donald is lightly wounded.
You hit Donald but do no damage.
Donald is lightly wounded.
Donald says, "I hope I haven't come all this way for a glorified paperweight."
Donald hits you with a +0 double sword!!
* * * LOW HITPOINT WARNING * * *
Donald attacks as you move away! Donald hits you with a +0 double sword!
You die...

#.[.#.................
##[##.................
#..(..................
##.#)...........##....
##.....................
##................#.....
#.......#)..............
##..#.T.).#...).........
#.....@@......)......... .###
#..).)##.....)).)....... ..#.#
###....#.......()...)....
.#...##.##)).##....#...........
.....#........#....#...#..)....
...........#.###.......##.#....
............## ###....#####....
.............# ###.## #..)..
.............# ### #.....


You could see Donald (fast, strong, reflecting) and a troll.

Vanquished Creatures
  2 centaur warriors
  An ogre mage (Orc:2)
  A catoblepas (Lair:1)
  2 boulder beetles (D:12)
  17 two-headed ogres
  2 deep trolls (Orc:2)
  3 cyclopes
  4 manticores
  5 elephants (Lair:1)
  An unseen horror (D:11)
  A kobold demonologist (D:12)
  A komodo dragon (Lair:1)
  14 trolls
  2 hornets
  Grinder (D:6)
  Prince Ribbit (D:8)
  2 wraiths
  2 basilisks
  3 wyverns
  13 yaks
  A steam dragon (D:8)
  3 water moccasins (Lair:1)
  An acid dragon (D:11)
  A floating eye (shapeshifter) (D:9)
  3 ice beasts (D:7)
  9 orc warriors
  A sky beast (D:7)
  6 wolves
  4 black bears
  12 centaurs
  20 ogres
  A boggart (D:9)
  3 phantoms
  2 bullfrogs
  7 kobold brigands
  5 scorpions
  4 wights
  2 killer bees (D:9)
  5 howler monkeys
  3 quasits (D:4)
  4 hounds
  4 orc priests
  3 jellies
  2 iguanas
  16 orc wizards
  A hell rat (Sewer)
  17 gnolls
  2 river rats (Sewer)
  11 adders
  2 shadow imps
  2 white imps (D:8)
  3 ufetubi
  3 worms
  34 orcs
  4 bats
  12 endoplasms
  3 giant cockroaches
  7 goblins
  6 hobgoblins
  3 jackals (D:3)
  18 kobolds
  4 quokkas (D:5)
  7 ball pythons
  2 frilled lizards
  13 rats
354 creatures vanquished.

Notes
Turn   | Place    | Note
-------+----------+-------------------------------------------
     0 | D:1      | Peloso the Minotaur Fighter began the quest for the Orb.
     0 | D:1      | Reached XP level 1. HP: 19/19 MP: 0/0
   259 | D:1      | Reached XP level 2. HP: 27/27 MP: 1/1
   270 | D:1      | Found a faded altar of an unknown god.
  1009 | D:2      | Reached XP level 3. HP: 33/33 MP: 2/2
  1042 | D:2      | Reached skill level 3 in Long Blades
  1257 | D:2      | Reached XP level 4. HP: 27/40 MP: 3/3
  1315 | D:2      | Found Suvvom's Book Shop.
  1853 | D:2      | Reached skill level 1 in Dodging
  1854 | D:2      | Reached XP level 5. HP: 25/47 MP: 4/4
  1975 | D:3      | Reached skill level 4 in Long Blades
  2068 | D:3      | Found a shadowy altar of Dithmenos.
  2166 | D:3      | Found a hide-covered altar of Uskayaw.
  2766 | D:4      | Reached skill level 5 in Armour
  2769 | D:4      | Reached skill level 5 in Fighting
  2886 | D:4      | Reached XP level 6. HP: 56/56 MP: 5/5
  3101 | D:4      | Reached skill level 5 in Long Blades
  3451 | D:5      | Entered Level 5 of the Dungeon
  3493 | D:5      | Reached XP level 7. HP: 47/61 MP: 6/6
  3555 | D:5      | Reached skill level 6 in Long Blades
  3555 | D:5      | Reached skill level 5 in Shields
  3683 | D:5      | Found a glowing drain.
  3692 | Sewer    | Entered a sewer
  4084 | D:5      | Reached XP level 8. HP: 48/69 MP: 7/7
  4705 | D:6      | Reached skill level 7 in Long Blades
  5248 | D:6      | Reached skill level 8 in Long Blades
  5644 | D:6      | Noticed Grinder
  5644 | D:6      | Paralysed by Grinder for 2 turns
  5656 | D:6      | Killed Grinder
  6335 | D:7      | Found a staircase to the Ecumenical Temple.
  6375 | D:7      | Reached XP level 9. HP: 75/75 MP: 8/8
  6404 | Temple   | Entered the Ecumenical Temple
  6464 | Temple   | Became a worshipper of Warmaster Okawaru
  6605 | D:7      | Reached skill level 1 in Stealth
  6754 | D:7      | Reached skill level 9 in Long Blades
  7132 | D:7      | Reached * piety under Okawaru
  7159 | D:7      | Found a sacrificial altar of Ru.
  7162 | D:7      | Found a basalt altar of Yredelemnul.
  7162 | D:7      | Found a blossoming altar of Fedhas.
  7173 | D:7      | Found a shimmering altar of Xom.
  7183 | D:7      | Found a snail-covered altar of Cheibriados.
  7674 | D:8      | Noticed a two-headed ogre
  7683 | D:8      | Killed a two-headed ogre
  7683 | D:8      | Reached ** piety under Okawaru
  7684 | D:8      | Reached skill level 10 in Long Blades
  7684 | D:8      | Reached skill level 5 in Dodging
  7922 | D:8      | Paralysed by a hornet for 2 turns
  7928 | D:8      | Reached XP level 10. HP: 47/86 MP: 6/9
  8219 | D:8      | Noticed Prince Ribbit
  8230 | D:8      | Killed Prince Ribbit
  8444 | D:9      | Reached skill level 11 in Long Blades
  8947 | D:9      | Found a staircase to the Orcish Mines.
  9015 | D:9      | Identified the +0 robe "Cesoomp" {Slay+2}
  9081 | D:9      | Reached skill level 10 in Armour
  9297 | D:9      | Reached *** piety under Okawaru
  9704 | D:9      | Noticed a harpy
  9716 | D:9      | Noticed a manticore
  9725 | D:9      | Noticed a centaur warrior
  9849 | D:9      | Killed a manticore
  9850 | D:9      | Reached skill level 12 in Long Blades
 10070 | D:8      | Killed a centaur warrior
 10140 | D:9      | Reached XP level 11. HP: 94/95 MP: 10/10
 11551 | D:10     | Entered Level 10 of the Dungeon
 11622 | D:10     | Reached **** piety under Okawaru
 11738 | D:10     | Noticed a two-headed ogre
 11755 | D:10     | Killed a two-headed ogre
 12190 | D:10     | Noticed a two-headed ogre
 12199 | D:10     | Killed a two-headed ogre
 12345 | D:10     | Found a glowing silver altar of Zin.
 12345 | D:10     | Noticed an angel
 12541 | D:10     | Found a glowing golden altar of the Shining One.
 12550 | D:10     | Found a sparkling altar of Nemelex Xobeh.
 12828 | D:11     | Reached ***** piety under Okawaru
 12875 | D:11     | Found a staircase to the Lair.
 12953 | D:11     | Noticed a two-headed ogre
 12959 | D:11     | Killed a two-headed ogre
 12994 | D:11     | Reached skill level 13 in Long Blades
 13085 | D:11     | Reached skill level 1 in Invocations
 13164 | D:11     | Noticed a two-headed ogre
 13182 | D:11     | Received a gift from Okawaru
 13195 | D:11     | Reached skill level 10 in Fighting
 13501 | D:11     | Noticed a two-headed ogre
 13525 | D:11     | Killed a two-headed ogre
 13623 | D:11     | Killed a two-headed ogre
 13778 | Lair:1   | Entered Level 1 of the Lair of Beasts
 13797 | D:11     | Reached XP level 12. HP: 67/107 MP: 11/11
 14092 | Lair:1   | Noticed a catoblepas
 14130 | Lair:1   | Killed a catoblepas
 14131 | Lair:1   | Reached skill level 10 in Shields
 14231 | Lair:1   | Noticed Amaemon
 14485 | Lair:1   | Reached skill level 14 in Long Blades
 14957 | D:12     | Noticed a centaur warrior
 14967 | D:12     | Killed a centaur warrior
 15112 | D:12     | Noticed a two-headed ogre
 15118 | D:12     | Killed a two-headed ogre
 15246 | D:12     | Noticed a two-headed ogre
 15254 | D:12     | Killed a two-headed ogre
 15579 | D:12     | Noticed a boulder beetle
 15593 | D:12     | Killed a boulder beetle
 16042 | D:12     | Noticed a boulder beetle
 16059 | D:12     | Killed a boulder beetle
 16433 | D:12     | Identified the +9 glaive "Eku Xusa" {holy, rElec}
 16504 | Orc:1    | Entered Level 1 of the Orcish Mines
 16672 | Orc:2    | Entered Level 2 of the Orcish Mines
 16710 | Orc:2    | Found a staircase to the Elven Halls.
 16770 | Orc:2    | Noticed a two-headed ogre
 16783 | Orc:2    | Killed a two-headed ogre
 16877 | Orc:2    | Noticed a two-headed ogre
 16877 | Orc:2    | Noticed a two-headed ogre
 17096 | Orc:2    | Noticed a two-headed ogre
 17102 | Orc:2    | Received a gift from Okawaru
 17113 | Orc:2    | Killed a two-headed ogre
 17114 | Orc:2    | Noticed a two-headed ogre
 17122 | Orc:2    | Killed a two-headed ogre
 17124 | Orc:2    | Noticed a two-headed ogre
 17134 | Orc:2    | Killed a two-headed ogre
 17135 | Orc:2    | Reached XP level 13. HP: 91/117 MP: 11/13
 17358 | Orc:2    | Reached skill level 15 in Long Blades
 17837 | Orc:2    | Found Roiph's Weapon Boutique.
 17952 | Orc:2    | Noticed Donald
 17953 | Orc:2    | Found Xoast's Magic Scroll Emporium.
 17974 | Orc:2    | HP: 2/119 [Donald/+0 double sword (34)]
 17976 | Orc:2    | Demolished by Donald

Illustrated notes

Levels and vault maps discovered:
D:1:      saegor_arrival_simple_a, layout_loops_corners,
          chequers_ecumenical_altar_simple, minmay_distorted
D:2:      cheibrodos_old_hovel, layout_loops_cross, serial_shops,
          nicolae_shop_waterfront, minmay_tetromino_l2
D:3:      layout_basic, nicolae_uskayaw_dance_hall,
          grunt_dithmenos_smoke_and_mirrors
D:4:      layout_basic, serial_demonic, serial_demonic_d, serial_demonic_d,
          serial_demonic_g, serial_demonic_a
D:5:      layout_loops_ring, gup_sewer_entry_bubbles
D:6:      layout_layer_cave, nicolae_underground_beach, uniq_grinder
D:7:      layout_loops_ring, minmay_overflow_temple_star_hex,
          minmay_temple_entry_nine_rooms
D:8:      layout_loops_ring, uniq_prince_ribbit1
D:9:      minmay_bloctagon, layout_small_grid, orc_david_3
D:10:     layout_loops_ring, zin_angel, mainiacjoe_overflow_swirl, st_stairs_3,
          serial_bayou_pond_d
D:11:     minmay_clustersquares, layout_loops_cross
D:12:     layout_stronghold, kennysheep_boxes
Temple:   nicolae_temple_bog_church
Lair:1:   layout_gridlike, beast_lair_carwin_3, uniq_amaemon
Orc:1:    layout_caves, mines1_david
Orc:2:    st_orc_open, layout_caves, uniq_donald

Skill      XL: |  1  2  3  4  5  6  7  8  9 10 11 12 13 |
---------------+----------------------------------------+-----
Shields        | 4 5 6 8 9 11 12 | 12.4
Fighting       | 4 5 6 7 8 10 11 12 | 12.4
Armour         | 4 5 6 7 8 9 10 12 14 | 14.8
Long Blades    | 3 4 5 6 8 10 12 13 14 15 | 15.1
Dodging        | 1 2 4 5 |  5.7
Stealth        | 1 |  1.4
Invocations    | 1 2 |  2.5

Action                     |  1- 3 |  4- 6 |  7- 9 | 10-12 | 13-15 || total
---------------------------+-------+-------+-------+-------+-------++-------
  Melee: Long sword        |    73 |   183 |   318 |   672 |   139 ||  1385
         Headbutt          |    15 |    22 |    48 |   179 |    44 ||   308
 Invoke: Heroism           |       |       |     2 |    18 |     6 ||    26
    Use: Potion            |     2 |     2 |       |     5 |     4 ||    13
         Scroll            |       |     6 |     9 |     8 |       ||    23
 Armour: Scale mail        |    26 |   127 |   120 |       |       ||   273
         Chain mail        |       |       |    28 |    68 |       ||    96
         Plate armour      |       |       |       |   278 |    38 ||   316
  Dodge: Dodged            |    37 |   114 |   164 |   249 |    38 ||   602
  Block: Buckler           |    18 |    50 |    68 |   361 |    75 ||   572
         Reflection        |       |       |       |    16 |     1 ||    17
